 Dungeon Crawl Stone Soup version 0.26-a0-597-gb535b0901c (webtiles) character file.

Game seed: 12949524573829424379

9 ANON1729 the Sneak (level 2, 0/24 HPs)
             Began as a Demonspawn Delver on Aug 25, 2020.
             Succumbed to an adder's poison
             ... on level 4 of the Dungeon.
             The game lasted 00:00:37 (74 turns).

ANON1729 the Sneak (Demonspawn Delver)                Turns: 74, Time: 00:00:38

Health: 0/24       AC:  3    Str: 12    XL:     2   Next: 6%
Magic:  2/2        EV: 12    Int: 11    God:
Gold:   0          SH:  0    Dex: 14    Spells: 1/1 levels left

rFire    . . .     SeeInvis .   i - -2 hand axe (curse)
rCold    . . .     Faith    .   (no shield)
rNeg     . . .     Spirit   .   b - +0 leather armour
rPois    .         Reflect  .   (helmet restricted)
rElec    .         Harm     .   (no cloak)
rCorr    .                      (no gloves)
MR       .....                  (no boots)
Stlth    +++.......             (no amulet)
HPRegen  0.08/turn              (no ring)
MPRegen  0.08/turn              (no ring)

@: lethally poisoned (0 -> -5)
A: antennae 1
a: no special abilities


You were on level 4 of the Dungeon.
You visited 1 branch of the dungeon, and saw 2 of its levels.

Inventory:

Hand Weapons
 a - a +0 falchion
 i - a cursed -2 hand axe (weapon)
Armour
 b - a +0 leather armour (worn)
Wands
 g - a wand of digging (3)
Potions
 f - a potion of haste


   Skills:
 + Level 3.1 Fighting
 + Level 2.0 Long Blades
 + Level 2.0 Dodging
 + Level 4.6 Stealth


You had one spell level left.
You didn't know any spells.
Your spell library was empty.

Dungeon Overview and Level Annotations

Branches:
Dungeon (5/15)
 Temple: D:4-7

Altars:


Innate Abilities, Weirdness & Mutations

You have a pair of small antennae on your head.


Message History

You kill the adder!
Your Long Blades skill increases to level 2!
Your Dodging skill increases to level 2!
You have reached level 2!
You feel monstrous as your demonic heritage exerts itself.
Your demonic ancestry asserts itself...
A pair of antennae grows on your head!
There is a lethal amount of poison in your body!
* * * LOW HITPOINT WARNING * * *
You feel sick.
* * * LOW HITPOINT WARNING * * *
You feel sick.
Okay, then.
As you read the scroll of magic mapping, it crumbles to dust.
You feel aware of your surroundings.
As you read the scroll of fog, it crumbles to dust.
The scroll dissolves into smoke.
As you read the scroll of fear, it crumbles to dust.
You assume a fearsome visage.
Nothing appears to happen.
You die...

*,,,,* #......S,,****,,,,,,*
*,,,,* #...$..,,>,,,,,,,,,,+
*,,,,####.....,,,**,,,,,,,,,*
*,,,,#.......#+****,,,,,,*+**
*,,,,*,****#.#,* *,,,,,,*,,,
*,,,,*,* #.#,****,,,,,,****
*,,,,*,* #§#,,,**,,,,,,*
*,,.,#,#####§#**,,*,,,,,,* *
*,,..#.#..§§@# *,,,,,,,,,* *
*,,.......§§## **,,******* *
*,,.......§§# *,,,,* *
***.........# *,,,,* *
*###+#+##.# **,,,* * #.#.##.#
**,** #.#.##.# **,*
#####'#'##'# *,**
#..........# **,* ***


There were no monsters in sight!

Vanquished Creatures
  An adder (D:4)
1 creature vanquished.

Notes
Turn   | Place    | Note
-------+----------+-------------------------------------------
     0 | D:5      | ANON1729 the Demonspawn Delver began the quest for the Orb.
     0 | D:5      | Reached XP level 1. HP: 18/18 MP: 1/1
     2 | D:5      | Noticed an iguana
     8 | D:5      | Noticed a scorpion
    68 | D:4      | Gained mutation: You have a pair of small antennae on your
                  | head. [demonic ancestry]
    68 | D:4      | Reached XP level 2. HP: 2/24 MP: 2/2
    71 | D:4      | HP: 1/24 [poisoned by an adder]
    74 | D:4      | Succumbed to an adder's poison

Illustrated notes

Levels and vault maps discovered:
D:4:      layout_basic, uniq_crazy_yiuf_cottage
D:5:      layout_cave_pools, serial_column_ruins, column_ruins_columns_straight,
          column_ruins_open_tiny, column_ruins_columns_corner,
          column_ruins_grid_3, kennysheep_okawaru_gauntlet, uniq_menkaure

Skill      XL: |  1 |
---------------+----+-----
Long Blades    | 2 |  2.0
Dodging        | 2 |  2.0
Fighting       | |  3.1
Stealth        | |  4.6

Action                   || total
-------------------------++-------
Melee: Hand axe          ||    12
  Use: Scroll            ||     5
Armor: Leather armour    ||     6
Dodge: Dodged            ||     6

Table legend: (Time is in decaauts)
 A = Elapsed time spent in this place.
 B = Non-inter-level travel time spent in this place.
 C = Inter-level travel time spent in this place.
 D = Time resting spent in this place.
 E = Time spent auto-exploring this place.
 F = Levels seen in this place.
 G = Mean time per level.
                   A        B        C        D        E       F      G
               +--------+--------+--------+--------+--------+-----+--------+
         Total |     76 |     76 |      0 |      0 |     20 |   2 |   38.0 |
       Dungeon |     76 |     76 |      0 |      0 |     20 |   2 |   38.0 |
               +--------+--------+--------+--------+--------+-----+--------+

Top non-repeatable levels by time:
     D:4: 46 daAuts
     D:5: 30 daAuts
